Cogmind - Beta 15 @@@ ROGUE MODE // 2025.05.12 @ 16:33:26 Player: YA-B01 Result: Destroyed by as-13507 with Assembled Rifle Performance ------------- Evolutions (3) 1500 Regions Visited (13) 2600 Robots Destroyed (165) 825 Value Destroyed (5651) 5651 Prototype IDs (37) 740 Alien Tech Used (0) 0 Bonus (3846) 3846 TOTAL SCORE: 15162 Bonus ------- High Alert Combat Kills 642 Follower Combat Kills 41 Entered Garrisons 400 Aligned with FarCom 300 Met Imprinter 300 Destroyed Z-Imprinter 1000 Triggered Deep Caves Wall 500 Exposed GOLEM Chamber 500 Acquired ECA 300 Friendly Fire -137 Cogmind --------- Core Integrity 0/700 Matter 175/300 Energy 17/100 System Corruption 3% Temperature Cool (0) Movement Walking (110) Location -7/Deep Caves Parts ------- > --- POWER (1) -------- (None) > --- PROPULSION (5) --- Zionite Composite Leg I > --- UTILITY (5) ------ (None) > --- WEAPON (2) ------- Improved EM Shotgun > --- INVENTORY (5) ---- Improved Trap Extractor (0/6) Improved Datajack Peak State ------------ > --- POWER ------------ Zionite Light DM Reactor > --- PROPULSION ------- Armored Treads Medium Treads Zionite Composite Leg I Armored Wheel Armored Wheel > --- UTILITY ---------- High-capacity Storage Unit Advanced Visual Processing Unit Surveybot 24 Scanner Surveybot 24 Chip Layered Medium Armor Plating > --- WEAPON ----------- Beamcaster Katana > --- INVENTORY -------- Light Ion Engine Improved Deuterium Engine Wheel Improved Cooling System Zionite Biocell Seismic Detector ECM Suite Improved Reaction Control System Zionite Weapon Casing Zionite Light Carapace Improved Light Armor Plating Layered Medium Armor Plating Makeshift Hacking Suite Improved Trap Extractor Improved EM Shotgun Improved EM Shotgun Beamcaster Gauss Rifle Grenade Launcher Improved Datajack [Rating: 65] Favorites ----------- Power Ion Engine Engine Ion Engine Power Core Light Nuclear Core Reactor Zionite Light DM Reactor Propulsion Wheel Treads Light Treads Leg Zionite Composite Leg I Wheel Wheel Hover Unit Hover Unit Flight Unit Improved Flight Unit Utility High-capacity Storage Unit Device Improved Heat Sink Storage High-capacity Storage Unit Processor Surveybot 24 Chip Hackware Hacking Suite Protection Hardened Medium Armor Plating Weapon Beamcaster Energy Gun Beamcaster Energy Cannon Beam Cannon Ballistic Gun Gauss Rifle Launcher Mini Grenade Launcher Special Weapon Plasma Cutter Slashing Weapon Katana Build | -11 -10 -10 -10 -9 -8 -8 -8 -8 -7 -7 -7 -7 -7 ------- Run | Yrd Mat Min Exi Min Mat Gar Mat Gar Fac Low Low Zio Dee Slots Evolved 6 | . . . . . 4 . . . 2 . . . . Power . | . . . . . . . . . . . . . . Propulsion 3 | . . . . . 2 . . . 1 . . . . Utility 3 | . . . . . 2 . . . 1 . . . . Weapon . | . . . . . . . . . . . . . . Parts Attached 109 | 6 10 2 . 1 24 7 5 3 12 7 11 3 18 Power 14 | 1 2 . . . 1 . 1 1 1 3 1 . 3 Engine 7 | 1 2 . . . . . . . . 2 . . 2 Core 6 | . . . . . 1 . 1 1 1 1 1 . . Reactor 1 | . . . . . . . . . . . . . 1 Propulsion 31 | 2 1 . . 1 8 1 2 1 5 2 3 . 5 Treads 11 | 2 1 . . 1 3 . 1 . 1 1 1 . . Leg 1 | . . . . . . . . . . . . . 1 Wheel 15 | . . . . . 4 1 1 1 4 1 2 . 1 Hover 3 | . . . . . . . . . . . . . 3 Flight 1 | . . . . . 1 . . . . . . . . Utility 46 | 1 6 1 . . 5 5 2 1 6 1 7 2 9 Device 20 | . 3 1 . . 2 3 . 1 2 1 3 2 2 Storage 6 | 1 3 . . . . . . . 1 . . . 1 Processor 3 | . . . . . 1 . . . . . . . 2 Hackware 1 | . . . . . . . . . 1 . . . . Protection 16 | . . . . . 2 2 2 . 2 . 4 . 4 Artifact . | . . . . . . . . . . . . . . Weapon 18 | 2 1 1 . . 10 1 . . . 1 . 1 1 Energy Gun 12 | 2 . 1 . . 8 . . . . . . . 1 Energy Cannon 1 | . 1 . . . . . . . . . . . . Ballistic Gun 1 | . . . . . . . . . . 1 . . . Ballistic Cannon . | . . . . . . . . . . . . . . Launcher 2 | . . . . . 1 1 . . . . . . . Special Weapon 1 | . . . . . . . . . . . . 1 . Impact Weapon . | . . . . . . . . . . . . . . Slashing Weapon 1 | . . . . . 1 . . . . . . . . Piercing Weapon . | . . . . . . . . . . . . . . Special Melee Weapon . | . . . . . . . . . . . . . . Unidentified Prototypes 11 | . . . . . 2 . . . 1 . 1 1 6 Parts Lost 35 | . 1 . . . 1 . 2 2 5 1 3 . 20 Power 5 | . 1 . . . . . . 1 . . 1 . 2 Propulsion 14 | . . . . . 1 . 1 1 1 1 1 . 8 Utility 12 | . . . . . . . 1 . 2 . 1 . 8 Weapon 4 | . . . . . . . . . 2 . . . 2 Highest Loss Streak 6 | . 1 . . . 1 . 1 1 2 1 1 . 6 To Critical Strikes . | . . . . . . . . . . . . . . Average Backups 18 | 3 11 19 18 19 19 19 19 19 19 19 19 19 16 Power . | . . . . . . . . . . . . . . Propulsion . | . . 1 1 1 . 1 . . . 1 . 1 1 Utility 8 | 1 6 8 8 9 8 9 9 10 10 9 10 10 8 Weapon 6 | . 4 10 9 9 8 7 7 7 6 5 6 5 4 Tool/Special . | . . . . . . . . . . . . . . Unused Backups 27 | . 5 2 1 . 7 1 1 . . 1 . 3 6 Power 3 | . 1 . . . . . . . . . . . 2 Propulsion 1 | . . . . . . . . . . . . . 1 Utility 15 | . 4 1 . . 2 1 1 . . 1 . 3 2 Weapon 7 | . . 1 1 . 5 . . . . . . . . Tool/Special 1 | . . . . . . . . . . . . . 1 Average Slot Usage (%) 95 | . 99 100 100 100 96 98 100 96 95 99 97 97 84 Engine 4 | . 13 14 14 14 6 . . . . 6 4 . . Core 3 | . . . . . 2 9 9 6 6 . . 7 3 Treads 18 | . 28 28 28 28 18 18 18 18 15 15 14 15 11 Wheel 14 | . . . . . 16 18 18 17 18 22 22 23 13 Device 9 | . 13 14 14 14 11 12 10 9 11 7 6 8 6 Storage 8 | . 14 14 14 14 9 9 9 9 7 7 7 7 6 Processor 2 | . . . . . 7 . . . . . . . 7 Hackware 2 | . . . . . . . . . 6 7 7 7 . Protection 9 | . . . . . 5 13 16 18 9 14 15 11 9 Energy Gun 9 | . 21 14 14 14 10 7 10 10 8 7 7 6 6 Energy Cannon 2 | . 6 14 14 14 2 . . . . . . . . Launcher 1 | . . . . . . 6 3 5 . . 1 . 2 Slashing Weapon 3 | . . . . . 4 3 3 2 5 3 5 7 2 Peak Build Rating 65 | 6 12 17 17 18 38 37 33 32 45 46 47 50 65 Average Rating 33 | 5 9 14 17 17 29 31 30 28 36 42 40 44 49 On Entrance 26 | . 6 12 17 17 18 32 31 30 32 45 43 42 44 Naked Turns 44 | . . . . . . . . . . . . . 44 Heaviest Build 95 | 13 51 54 54 54 63 71 71 71 71 68 71 90 95 Greatest Support 48 | 40 40 40 40 43 43 42 42 40 36 34 34 34 48 Greatest Overweight (x) 7 | . 1 1 1 1 6 6 7 6 3 3 2 2 5 Average Overweight (x) 1 | . . 1 1 1 2 2 4 3 1 1 1 1 1 Largest Inventory Capacity 20 | 8 20 20 20 20 20 20 20 20 20 20 20 20 20 Average Capacity 19 | 7 13 20 20 20 20 20 20 20 20 20 20 20 18 Most Carried 20 | 6 19 20 20 20 20 20 20 20 20 20 20 20 20 Average Carried 18 | 3 11 19 19 19 19 19 19 19 19 19 19 19 16 Final Capacity 20 | 8 20 20 20 20 20 20 20 20 20 20 20 20 5 Final Carried 20 | 6 19 20 20 20 20 20 19 20 20 20 20 20 2 Class Distribution -------------------- 52% | Mutant 38% | Scavenger-Mutant 6% | Trapper-Mutant Dominant Class ---------------- Mutant | -10/Materials Mutant | -10/Mines Mutant | -10/Exiles Mutant | -9/Mines Scavenger-Mutant | -8/Materials Mutant | -8/Garrison Mutant | -8/Materials Scavenger-Mutant | -8/Garrison Scavenger-Mutant | -7/Factory Scavenger-Mutant | -7/Lower Caves Trapper-Mutant | -7/Lower Caves Scavenger-Mutant | -7/Zion Mutant | -7/Deep Caves Resources | -11 -10 -10 -10 -9 -8 -8 -8 -8 -7 -7 -7 -7 -7 ----------- Run | Yrd Mat Min Exi Min Mat Gar Mat Gar Fac Low Low Zio Dee Matter Collected 4062 | 260 87 20 . 10 400 420 310 359 262 346 565 203 820 Remotely . | . . . . . . . . . . . . . . Salvage Created 6220 | 206 798 67 . 58 1137 788 888 341 483 153 660 . 641 Parts 284 | 14 39 7 . 3 65 40 37 15 25 6 25 . 8 Haulers Intercepted 10 | . 2 . . . 4 . 3 . . . 1 . . Recyclers Shooed 7 | 1 2 1 . . 3 . . . . . . . . Parts Field Recycled . | . . . . . . . . . . . . . . Retrieved Matter . | . . . . . . . . . . . . . . Parts Self-Destructed 24 | . . . . . . . . . . 13 11 . . Prevented 9 | . . . . . . . . . . 1 8 . . Kills | -11 -10 -10 -10 -9 -8 -8 -8 -8 -7 -7 -7 -7 -7 ------- Run | Yrd Mat Min Exi Min Mat Gar Mat Gar Fac Low Low Zio Dee Combat Hostiles Destroyed 117 | . 15 2 . . 16 17 16 11 6 3 13 . 18 Melee 9 | . . . . . . . . 1 3 . 1 . 4 Guns 51 | . 10 . . . 12 6 3 4 . 3 5 . 8 Cannons 5 | . 3 2 . . . . . . . . . . . AOE 45 | . . . . . 4 10 12 5 2 . 6 . 6 Classes Destroyed 20 | 2 6 . . . 1 2 5 1 . . 1 . 2 Worker 11 | . 2 . . . 6 . 2 . 1 . . . . Builder 2 | . . . . . . . 1 . 1 . . . . Tunneler 11 | 8 . 2 . . 1 . . . . . . . . Hauler 10 | . 2 . . . 4 . 3 . . . 1 . . Recycler 10 | 1 1 . . 1 3 . 2 . 2 . . . . Minesweeper 1 | . . . . . . . . . . . 1 . . Mechanic 2 | . . . . . . . 1 . . . 1 . . Operator 3 | . 1 . . . 2 . . . . . . . . Watcher 11 | . 3 . . . 3 . 4 . 1 . . . . Swarmer 24 | . 3 1 . . 11 3 2 3 . . 1 . . Grunt 52 | . 12 1 . . 2 12 7 5 3 2 8 . . Brawler 1 | . . . . . . . 1 . . . . . . Duelist 7 | . . . . . . 1 3 . . . 3 . . Protector 1 | . . . . . . . 1 . . . . . . Sentry 7 | . . . . . 3 . 1 . 1 1 1 . . Specialist 1 | . . . . . . 1 . . . . . . . Hunter 3 | . . . . . . . 1 1 1 . . . . Programmer 3 | . . . . . . . . 2 1 . . . . Z-Light 3 | . . . . . . . . . . . . . 3 Assembled 14 | . . . . . . . . . . . . . 14 Butcher 1 | . . . . . . . . . . . . . 1 Best Kill Streak 10 | 4 4 1 . 1 9 3 10 3 3 1 5 . 5 Combat Bots Only 10 | . 3 1 . . 8 3 10 3 3 1 5 . 5 Max Kills in Single Turn 5 | 1 2 1 . 1 5 3 4 2 1 1 3 . 1 Gunslinging 1 | . 1 . . . . . 1 . . . . . . Exploded 4 | . . . . . 4 3 2 2 1 . 3 . 1 Melee 1 | . . . . . . . . 1 1 . 1 . 1 Uniques/NPCs Destroyed 1 | . . . . . . . . . . . . . 1 Z-Imprinter (-7/Deep Caves) Combat | -11 -10 -10 -10 -9 -8 -8 -8 -8 -7 -7 -7 -7 -7 -------- Run | Yrd Mat Min Exi Min Mat Gar Mat Gar Fac Low Low Zio Dee Hostile Shots Fired 634 | . 65 9 . . 54 20 50 64 48 51 92 . 181 Missed 221 | . 13 3 . . 12 7 15 31 13 19 41 . 67 Hits 413 | . 52 6 . . 42 13 35 33 35 32 51 . 114 Melee 12 | . . . . . . 3 . . . . 1 . 8 Projectile 401 | . 52 6 . . 42 10 35 33 35 32 50 . 106 Critical Strikes 11 | . 1 . . . 1 1 . 2 3 . 3 . . Part Disruptions 1 | . . . . . . . . . . . . . 1 Damage Taken 7257 | . 603 69 . . 484 282 632 610 777 304 704 . 2792 Core 959 | . 119 14 . . 24 . 53 45 95 32 51 . 526 Absorbed by Shields . | . . . . . . . . . . . . . . Redirected to Shielding 246 | . . . . . . . . . . . . . 246 Regen/Repaired (Parts) 47 | . . . . . . . . . . . . 47 . Core Remaining (%) 74 | 100 . . . 46 . . . 77 . . . . . Volleys Fired 479 | 21 78 8 . . 60 41 39 50 11 18 40 . 113 Largest 2 | 2 2 2 . . 2 2 2 2 2 2 2 . 2 Hottest 150 | 90 110 110 . . 135 90 90 120 90 103 90 . 150 Shots Fired 802 | 42 155 16 . . 115 75 77 84 14 25 59 . 140 Gun 674 | 42 131 8 . . 85 60 62 72 14 25 51 . 124 Cannon 61 | . 24 8 . . 29 . . . . . . . . Launcher 67 | . . . . . 1 15 15 12 . . 8 . 16 Special . | . . . . . . . . . . . . . . Kinetic 19 | . . . . . . . . . . 14 1 . 4 Thermal 366 | 42 155 16 . . 59 . . 7 . 7 9 . 71 Explosive 67 | . . . . . 1 15 15 12 . . 8 . 16 Electromagnetic 350 | . . . . . 55 60 62 65 14 4 41 . 49 Robot Hit Streak 23 | 7 16 4 . . 23 13 9 5 23 8 9 . 22 Robot Miss Streak 11 | 3 3 3 . . 3 2 7 5 3 2 5 . 11 Penetration Max . | . . . . . . . . . . . . . . Secondary Targets 5 | . 1 . . . 1 2 1 . . . . . . Max Gunslinging Chain 1 | . 1 . . . 1 1 1 . . . . . . Shots Hit Robots 537 | 25 97 10 . . 91 41 50 34 25 18 43 . 103 Core Hits 364 | 10 43 6 . 1 48 45 66 27 12 6 42 . 58 Critical Kills . | . . . . . . . . . . . . . . Critical Parts Destroyed . | . . . . . . . . . . . . . . Critical Strikes 18 | 4 5 . . . . . . 1 2 . . . 6 Burn 16 | 4 5 . . . . . . 1 . . . . 6 Sever 2 | . . . . . . . . . 2 . . . . Melee Attacks 184 | . . . . . 48 54 6 15 45 . 4 . 12 Impact . | . . . . . . . . . . . . . . Slashing 184 | . . . . . 48 54 6 15 45 . 4 . 12 Piercing . | . . . . . . . . . . . . . . Sneak Attacks 16 | . . . . . 7 . 2 . 4 . 3 . . Combat Hostiles . | . . . . . . . . . . . . . . Follow-up Attacks . | . . . . . . . . . . . . . . Damage Inflicted 16443 | 305 1242 206 . 37 2342 2137 3060 1391 940 333 1736 . 2714 Guns 6600 | 296 1082 61 . . 1048 441 786 330 265 333 564 . 1394 Cannons 541 | . 138 88 . . 315 . . . . . . . . Explosions 5917 | . . . . . 368 1079 2090 503 168 . 940 . 769 Melee 3202 | . . . . . 574 617 183 558 507 . 232 . 531 Ramming 183 | 9 22 57 . 37 37 . 1 . . . . . 20 Kinetic 233 | . . . . . . . . . . 191 . . 42 Thermal 4552 | 296 1220 149 . . 958 132 423 61 168 63 267 . 815 Explosive 4874 | . . . . . 189 947 1667 503 . . 799 . 769 Electromagnetic 3399 | . . . . . 584 441 786 269 265 79 438 . 537 Impact . | . . . . . . . . . . . . . . Slashing 3202 | . . . . . 574 617 183 558 507 . 232 . 531 Piercing . | . . . . . . . . . . . . . . Highest Corruption 4 | . . . . . . . . 3 4 4 4 . 3 Average Corruption 3 | . . . . . . . . 2 3 4 3 . 3 Corruption Purged 4 | . . . . . . . . . . . 4 . . Corruption Blocked . | . . . . . . . . . . . . . . Effects 109 | . . . . . . . . 20 3 32 42 . 12 Message Errors 26 | . . . . . . . . 4 . 7 12 . 3 Matter Fused 25 | . . . . . . . . 3 2 8 9 . 3 Heat Flow Errors 10 | . . . . . . . . 3 . . 4 . 3 Energy Discharges 17 | . . . . . . . . 4 . 6 6 . 1 Data Loss (minor) 14 | . . . . . . . . 3 1 6 3 . 1 Data Loss (major) 8 | . . . . . . . . 1 . 3 4 . . Misfires 6 | . . . . . . . . 1 . 1 3 . 1 Alerts 1 | . . . . . . . . 1 . . . . . Weapon Failures 2 | . . . . . . . . . . 1 1 . . Overload Shots . | . . . . . . . . . . . . . . Overflow Damage 684 | . . . . . 86 102 42 161 53 . 105 . 135 Projectiles . | . . . . . . . . . . . . . . Explosions 79 | . . . . . 11 . 4 16 . . 19 . 29 Melee 605 | . . . . . 75 102 38 145 53 . 86 . 106 Knockbacks . | . . . . . . . . . . . . . . Impact . | . . . . . . . . . . . . . . Kinetic . | . . . . . . . . . . . . . . Secondary . | . . . . . . . . . . . . . . Self-Inflicted Damage 306 | . . . . . 18 32 119 25 27 . 61 . 24 Shots 8 | . . . . . . 1 3 1 1 . 1 . 1 Rammed 31 | 2 5 15 . 5 1 . 1 . 1 . . . 1 Targets Rammed 40 | 2 6 17 . 5 1 . 1 . 1 . . . 7 Kicked 6 | . . . . . . . . . . . . . 6 Crushed 3 | . 1 2 . . . . . . . . . . . Highest Temperature 375 | 200 87 57 . . 180 375 153 255 108 21 256 . 252 Average Temperature 61 | 62 27 24 . . 37 111 54 72 42 8 73 . 68 Received Heat Transfer 2013 | . 306 27 . . 99 108 171 162 171 90 195 . 684 Effects 3 | . . . . . . . . . . . 1 . 2 Energy Bleed 1 | . . . . . . . . . . . 1 . . Interference 2 | . . . . . . . . . . . . . 2 Siege Activations . | . . . . . . . . . . . . . . Martial Activations . | . . . . . . . . . . . . . . Shielding Activations . | . . . . . . . . . . . . . . Robots Disrupted . | . . . . . . . . . . . . . . Combat Hostiles . | . . . . . . . . . . . . . . Robots Corrupted 6 | . . . . . 1 1 1 1 1 . 1 . . Combat Hostiles 5 | . . . . . . 1 1 1 1 . 1 . . Parts Fried 24 | . . . . . 7 1 7 3 4 . 2 . . Impact Corruptions . | . . . . . . . . . . . . . . Robots Melted 2 | . 2 . . . . . . . . . . . . Combat Hostiles 2 | . 2 . . . . . . . . . . . . Parts Melted 22 | 4 9 2 . . 6 . . . . . . . 1 Heat Transferred 10022 | 1101 3541 370 . . 1680 100 400 185 100 111 372 . 2062 Parts Sabotaged . | . . . . . . . . . . . . . . Parts Stolen . | . . . . . . . . . . . . . . Parts Stripped . | . . . . . . . . . . . . . . Power Chain Reactions 16 | . . . . . 2 3 6 . 2 . 3 . . Alert | -11 -10 -10 -10 -9 -8 -8 -8 -8 -7 -7 -7 -7 -7 ------- Run | Yrd Mat Min Exi Min Mat Gar Mat Gar Fac Low Low Zio Dee Maximum Alert Level 4 | . . . . . 2 4 3 3 2 . . . . Low Security (%) 48 | 100 100 100 . 100 65 . . . . . . . . Level 1 18 | . . . . . 23 27 . . 76 . . . . Level 2 20 | . . . . . 11 25 90 46 23 . . . . Level 3 8 | . . . . . . 15 9 53 . . . . . Level 4 4 | . . . . . . 31 . . . . . . . Level 5 . | . . . . . . . . . . . . . . High Security . | . . . . . . . . . . . . . . Max Security . | . . . . . . . . . . . . . . Peak Influence 1423 | 15 128 37 . 5 499 1423 836 1066 559 . . . . Initial 693 | . 6 5 . . . 323 693 427 559 . . . . Average 308 | 1 46 1 . . 138 773 620 718 344 . . . . Influence Increases 5570 | 45 492 83 . 5 934 1100 618 659 364 115 1155 . . Destroy 0b10 Robot/C 2060 | . 300 40 . . 420 340 300 220 120 60 260 . . Destroy 0b10 Robot/NC 360 | 45 45 10 . 5 100 25 70 20 25 . 15 . . Destroy Leader 370 | . 80 10 . . 94 20 74 30 42 10 10 . . Allied During Kill 10 | . . . . . 10 . . . . . . . . Trap Triggered on 0b10 130 | . . . . . 20 . . 70 40 . . . . Successful Hack 113 | . 22 8 . . 13 14 15 . 41 . . . . Select Force Hacks 120 | . . . . . 90 . . . 30 . . . . Disable Machine 315 | . 15 15 . . 135 75 15 60 . . . . . Anti-Garrison Action 700 | . . . . . . 500 . 200 . . . . . Destroy Structure 297 | . . . . . 52 96 84 29 36 . . . . Lose Combat Pursuer 1095 | . 30 . . . . 30 60 30 30 45 870 . . Influence Decreases 5570 | 35 487 98 . 5 436 175 1384 250 1125 420 534 621 . Entered New Map 2391 | . 4 10 . . . 175 730 230 507 114 . 621 . Time Decay 2879 | 35 473 88 . 5 426 . 474 . 568 296 514 . . Lost Part 140 | . 10 . . . 10 . 20 20 50 10 20 . . Lost Ally 10 | . . . . . . . 10 . . . . . . Purge Threat 150 | . . . . . . . 150 . . . . . . Squads Dispatched 21 | . 3 . . . 5 . 5 . 7 . 1 . . Investigation 8 | . 1 . . . 3 . 1 . 3 . . . . Extermination 3 | . . . . . . . . . 3 . . . . Reinforcement 5 | . 2 . . . 1 . 1 . 1 . . . . Assault 4 | . . . . . 1 . 2 . . . 1 . . Garrison 1 | . . . . . . . 1 . . . . . . Intercept . | . . . . . . . . . . . . . . Searches Triggered . | . . . . . . . . . . . . . . Construction Impeded . | . . . . . . . . . . . . . . Haulers Reinforced . | . . . . . . . . . . . . . . Active Scanning Responses . | . . . . . . . . . . . . . . Cargo Convoy Interrupts . | . . . . . . . . . . . . . . Stealth | -11 -10 -10 -10 -9 -8 -8 -8 -8 -7 -7 -7 -7 -7 --------- Run | Yrd Mat Min Exi Min Mat Gar Mat Gar Fac Low Low Zio Dee Distress Signals 8 | . 3 . . . 1 . 3 . . . 1 . . Communications Jammed . | . . . . . . . . . . . . . . Distress Signals . | . . . . . . . . . . . . . . Times Spotted 249 | . 26 4 . . 23 10 38 19 10 9 54 . 56 Peak Tracking Total 11 | . 5 3 . . 4 4 11 4 3 4 9 . 9 Tactical Retreats 66 | . 2 . . . . 2 3 2 2 1 21 . 33 Traps | -11 -10 -10 -10 -9 -8 -8 -8 -8 -7 -7 -7 -7 -7 ------- Run | Yrd Mat Min Exi Min Mat Gar Mat Gar Fac Low Low Zio Dee Traps Triggered 7 | . 1 . . . 2 3 . 1 . . . . . Indirectly . | . . . . . . . . . . . . . . Trap Hack Attempts . | . . . . . . . . . . . . . . Triggered . | . . . . . . . . . . . . . . Disarmed . | . . . . . . . . . . . . . . Reprogrammed . | . . . . . . . . . . . . . . Reused 27 | . . . . . 2 . . 7 4 1 3 . 10 Traps Reconfigurated 37 | . . . . . 8 20 . . 9 . . . . Traps Extracted 11 | . . . . . . 2 . . 4 . 1 . 4 Installed 35 | . . . . . . . . 11 4 1 4 . 15 Triggered 17 | . . . . . 2 . . 7 4 1 3 . . Fabricated Traps 8 | . . . . . . . . . . . . 5 3 Most Traps Carried 10 | . . . . . . 4 4 8 6 2 9 10 8 Objects Rigged 1 | . . 1 . . . . . . . . . . . Machines | -11 -10 -10 -10 -9 -8 -8 -8 -8 -7 -7 -7 -7 -7 ---------- Run | Yrd Mat Min Exi Min Mat Gar Mat Gar Fac Low Low Zio Dee Machines Disabled 29 | . 1 1 . . 9 8 1 6 . . . 1 2 Max in Single Turn 1 | . 1 1 . . 1 1 1 1 . . . 1 1 Garrison Relay 5 | . . . . . . 3 . 2 . . . . . Machines Repaired . | . . . . . . . . . . . . . . Machines Dismantled 1 | . . . . . . . . . . . . 1 . Machines Sabotaged . | . . . . . . . . . . . . . . Overloaded Fab Kills . | . . . . . . . . . . . . . . Hacking | -11 -10 -10 -10 -9 -8 -8 -8 -8 -7 -7 -7 -7 -7 --------- Run | Yrd Mat Min Exi Min Mat Gar Mat Gar Fac Low Low Zio Dee Machines Accessed 47 | . 7 1 5 1 10 3 6 . 12 1 . 1 . Terminals 25 | . 6 1 . 1 4 3 4 . 6 . . . . Fabricators 1 | . . . . . . . . . 1 . . . . Repair Stations 3 | . . . . . 1 . . . 2 . . . . Recycling Units 6 | . 1 . . . 2 . 1 . 2 . . . . Scanalyzers 3 | . . . . . 2 . . . 1 . . . . Garrison Access 2 | . . . . . 1 . 1 . . . . . . Total Hacks 157 | . 22 4 30 4 34 7 13 . 31 7 . 5 . Successful 99 | . 9 2 30 . 21 1 9 . 15 7 . 5 . Failed 58 | . 13 2 . 4 13 6 4 . 16 . . . . Catastrophic 11 | . . 1 . 1 2 2 . . 5 . . . . Database Lockouts . | . . . . . . . . . . . . . . Manual 73 | . 12 4 1 4 21 . 11 . 12 . . 8 . Terminals 68 | . 20 4 . 4 11 7 9 . 13 . . . . Fabricators 1 | . . . . . . . . . 1 . . . . Repair Stations 4 | . . . . . 2 . . . 2 . . . . Recycling Units 20 | . 2 . . . 8 . 3 . 7 . . . . Scanalyzers 20 | . . . . . 12 . . . 8 . . . . Garrison Access 2 | . . . . . 1 . 1 . . . . . . Terminal Hacks 51 | . 5 . 30 . . 1 1 . 2 7 . 5 . Record 36 | . . . 29 . . . . . . 7 . . . Part Schematic 6 | . . . . . . . . . 1 . . 5 . Prototype ID Bank 1 | . 1 . . . . . . . . . . . . Branch Access Points 1 | . . . . . . . . . 1 . . . . Unreport Threat 1 | . . . . . . . 1 . . . . . . Locate Traps 2 | . 2 . . . . . . . . . . . . Hauler Manifests 1 | . 1 . . . . . . . . . . . . Zone Layout 1 | . 1 . . . . . . . . . . . . Patrol Navigation 1 | . . . . . . 1 . . . . . . . Proto ID Catalog 1 | . . . 1 . . . . . . . . . . Fabricator Hacks . | . . . . . . . . . . . . . . Repair Station Hacks . | . . . . . . . . . . . . . . Recycling Unit Hacks 4 | . . . . . 2 . 1 . 1 . . . . Retrieve Components 4 | . . . . . 2 . 1 . 1 . . . . Scanalyzer 15 | . . . . . 9 . . . 6 . . . . Insert Component 8 | . . . . . 5 . . . 3 . . . . Analyze 7 | . . . . . 4 . . . 3 . . . . Garrison Access Hacks 2 | . . . . . 1 . 1 . . . . . . Unlock Access 2 | . . . . . 1 . 1 . . . . . . Unauthorized Hacks 27 | . 4 2 . . 9 . 6 . 6 . . . . Terminals 18 | . 4 2 . . 5 . 5 . 2 . . . . Assimilate 1 | . . . . . . . 1 . . . . . . Botnet 6 | . 1 . . . 2 . 2 . 1 . . . . Detonate 1 | . . 1 . . . . . . . . . . . Operators 1 | . . . . . . . . . 1 . . . . Skim 9 | . 3 1 . . 3 . 2 . . . . . . Fabricators . | . . . . . . . . . . . . . . Repair Stations 1 | . . . . . . . . . 1 . . . . Mechanics 1 | . . . . . . . . . 1 . . . . Recycling Units 5 | . . . . . 2 . 1 . 2 . . . . Recyclers 1 | . . . . . . . . . 1 . . . . Mask 3 | . . . . . 1 . 1 . 1 . . . . Tunnel 1 | . . . . . 1 . . . . . . . . Scanalyzers 3 | . . . . . 2 . . . 1 . . . . Extract 3 | . . . . . 2 . . . 1 . . . . Garrison Access . | . . . . . . . . . . . . . . Data Cores Recovered . | . . . . . . . . . . . . . . Used . | . . . . . . . . . . . . . . Hacking Detections 36 | . 7 1 . 1 10 3 4 . 10 . . . . Full Trace Events 5 | . . . . 1 . 1 1 . 2 . . . . Feedback Events 1 | . . . . . . . . . 1 . . . . Corruption 1 | . . . . . . . . . 1 . . . . Feedback Blocked . | . . . . . . . . . . . . . . Robot Schematics Acquired 3 | . . . . . . . . . . . . 3 . Robots Built . | . . . . . . . . . . . . . . Authchips . | . . . . . . . . . . . . . . Time . | . . . . . . . . . . . . . . Total Robot Build Rating . | . . . . . . . . . . . . . . Part Schematics Acquired 33 | . . . . . 7 . . . 6 . . 20 . Parts Built . | . . . . . . . . . . . . . . Authchips . | . . . . . . . . . . . . . . Time . | . . . . . . . . . . . . . . Total Part Build Rating . | . . . . . . . . . . . . . . Parts Repaired . | . . . . . . . . . . . . . . Time . | . . . . . . . . . . . . . . Parts Recycled . | . . . . . . . . . . . . . . Recycled Matter . | . . . . . . . . . . . . . . Retrieved Matter . | . . . . . . . . . . . . . . Retrieved Components 26 | . . . . . 19 . 4 . 3 . . . . Parts Scanalyzed 6 | . . . . . 4 . . . 2 . . . . Part Schematics Acquired 6 | . . . . . 3 . . . 3 . . . . Parts Damaged . | . . . . . . . . . . . . . . Bothacking | -11 -10 -10 -10 -9 -8 -8 -8 -8 -7 -7 -7 -7 -7 ------------ Run | Yrd Mat Min Exi Min Mat Gar Mat Gar Fac Low Low Zio Dee Used RIF Installer . | . . . . . . . . . . . . . . Robots Hacked . | . . . . . . . . . . . . . . Non-combat . | . . . . . . . . . . . . . . Combat . | . . . . . . . . . . . . . . Robot Hacks Applied . | . . . . . . . . . . . . . . Relay Couplers Released 21 | . . . . . . 13 . 8 . . . . . Machine Destruction 21 | . . . . . . 13 . 8 . . . . . Fabnet Peak Effective % . | . . . . . . . . . . . . . . Robots Rewired . | . . . . . . . . . . . . . . Allies Hacked . | . . . . . . . . . . . . . . Hacks Repelled . | . . . . . . . . . . . . . . Allies | -11 -10 -10 -10 -9 -8 -8 -8 -8 -7 -7 -7 -7 -7 -------- Run | Yrd Mat Min Exi Min Mat Gar Mat Gar Fac Low Low Zio Dee Total Allies 9 | . . . . 3 . . 1 . . . . 5 . Largest Group 5 | . . . . 3 3 . 1 . . . . 5 5 Highest-Rated Group 146 | . . . . 40 40 . 10 . . . . 146 146 Highest-Rated Ally 31 | . . . . 16 16 . 10 . . . . 31 31 Initial Warlord ECA Mod 60 | . . . . . . . 5 5 10 10 10 10 10 Total Orders 5 | . . . . . 5 . . . . . . . . STAY 3 | . . . . . 3 . . . . . . . . FOLLOW 2 | . . . . . 2 . . . . . . . . Ally Attacks 85 | . . . . . 25 . . . . . . . 60 Total Damage 1014 | . . . . . 267 . . . . . . . 747 Kills 11 | . . . . . 6 . . . . . . . 5 Allies Corrupted . | . . . . . . . . . . . . . . Allies Melted . | . . . . . . . . . . . . . . Intel | -11 -10 -10 -10 -9 -8 -8 -8 -8 -7 -7 -7 -7 -7 ------- Run | Yrd Mat Min Exi Min Mat Gar Mat Gar Fac Low Low Zio Dee Active Infowar (turns) 10111 | . . . . . . 1166 732 349 1529 1128 1916 20 3271 Optics 2540 | . . . . . . . . . . . . . 2540 Terrain 1306 | . . . . . . . . . . . . . 1306 Traps 3805 | . . . . . . 1165 732 349 1529 29 . . 1 Seismic 3911 | . . . . . . 217 . . . 1099 1916 18 661 ECM 2 | . . . . . . . . . . . . 2 . Robot Analysis Total . | . . . . . . . . . . . . . . Derelict Logs Recovered 8 | . . 2 . 2 . . . . . 2 1 1 . Drone Launches . | . . . . . . . . . . . . . . Drone Recoveries . | . . . . . . . . . . . . . . Exploration | -11 -10 -10 -10 -9 -8 -8 -8 -8 -7 -7 -7 -7 -7 ------------- Run | Yrd Mat Min Exi Min Mat Gar Mat Gar Fac Low Low Zio Dee Turns Passed 26404 | 233 1748 1572 681 1541 3189 2243 1209 1344 1701 1456 2379 1694 5414 Spaces Moved 15712 | 90 746 622 284 478 1768 845 691 672 1244 1260 1862 1460 3690 Core 138 | 16 . . . . . . . . . . . . 122 Treads 2455 | 74 746 622 284 478 76 153 2 2 . . . . 18 Legs 2 | . . . . . . . . . . . . . 2 Wheels 12509 | . . . . . 1692 692 689 670 1244 1260 1862 1460 2940 Hover 608 | . . . . . . . . . . . . . 608 Flight . | . . . . . . . . . . . . . . Fastest Speed 50 | 50 160 240 240 240 110 125 125 125 98 101 98 101 50 Average Speed 129 | 140 188 240 240 240 120 148 142 127 112 105 101 104 110 Slowest Speed 320 | 160 240 240 240 240 240 237 237 245 125 130 116 116 320 Overloaded Moves . | . . . . . . . . . . . . . . Propulsion Burnouts . | . . . . . . . . . . . . . . Robots Hopped 3 | . . . . . . . . . . . . 3 . Potential Cave-ins . | . . . . . . . . . . . . . . Cave-ins Triggered 1 | . . . . . . . . . 1 . . . . Exploration Rate (%) 71 | 5 90 100 63 91 80 74 41 64 32 98 96 87 84 Regions Visited 13 Branch Regions 7 Pre-discovered Areas 7 | . . 2 1 . 1 . . . . 1 . 2 . Known Exits Taken 4 | . . . . . 1 . 1 . 1 . . 1 . Unknown Exits Taken 7 | 1 1 1 1 1 . . . . . 1 1 . . Scrap Searched 9 | . . 1 . 1 . . . . . 2 2 3 . Spaces Dug 106 | . . . . . 44 28 5 . 29 . . . . Terrain Destroyed 386 | . . . . . 47 90 105 20 41 1 54 . 28 Melee 71 | . . . . . 34 8 . . 29 . . . . Projectile 5 | . . . . . . . . 1 . 1 1 . 2 AOE 310 | . . . . . 13 82 105 19 12 . 53 . 26 Terrain Rammed . | . . . . . . . . . . . . . . Walls Destroyed . | . . . . . . . . . . . . . . Machines Disabled . | . . . . . . . . . . . . . . Actions | -11 -10 -10 -10 -9 -8 -8 -8 -8 -7 -7 -7 -7 -7 --------- Run | Yrd Mat Min Exi Min Mat Gar Mat Gar Fac Low Low Zio Dee Total 20663 | 151 937 665 285 867 2639 1666 821 1041 1455 1358 2272 1617 4889 Wait 3710 | 27 66 10 . 381 684 693 60 268 107 49 307 116 942 Move 15691 | 89 745 621 283 477 1768 842 691 669 1243 1259 1861 1453 3690 Hop 3 | . . . . . . . . . . . . 3 . Pick Up 81 | 6 19 3 1 1 14 1 2 . 5 4 2 9 14 Fast Attach 74 | 6 3 . . . 14 . 1 3 9 5 11 1 21 Attach 34 | . . . . . 1 3 2 . 4 1 2 5 16 Detach 23 | . . . . . 1 3 . 1 . . 2 . 16 Swap 172 | . 7 2 . 1 25 23 14 20 17 12 29 5 17 Drop 120 | . 13 4 1 2 23 2 5 . 9 9 10 16 26 Fire 479 | 21 78 8 . . 60 41 39 50 11 18 40 . 113 Melee 184 | . . . . . 48 54 6 15 45 . 4 . 12 Ram 2 | . . . . . 1 . . . . . . . 1 Kick 6 | . . . . . . . . . . . . . 6 Crush 32 | 2 6 17 . 5 . . 1 . 1 . . . . Escape Stasis 8 | . . . . . . 4 . 4 . . . . . Rewire . | . . . . . . . . . . . . . . Trap 35 | . . . . . . . . 11 4 1 4 . 15 Miscellaneous 9 | . . . . . . . . . . . . 9 . Route ------- -11/Scrapyard -10/Materials (discovered 5 exits: [*Mat x3] / *Min / [*Sub]) -10/Mines (discovered 4 exits: [*Mat x2] / *Exi / [*Sub]) -10/Exiles -9/Mines (discovered 2 exits: *Mat x2) -8/Materials (discovered 2 exits: *Fac / Gar) -8/Garrison (discovered 3 exits: *Mat x3) -8/Materials -8/Garrison (discovered 3 exits: *Fac x3) -7/Factory (discovered 3 exits: Sto / *Low x2) -7/Lower Caves -7/Lower Caves (discovered 2 exits: [*Fac] / *Zio) -7/Zion (discovered 2 exits: *Dee / [*Pro]) -7/Deep Caves (discovered 1 exit: [*Pro]) History --------- Turn | Location | Event 4 | -11/Scrapyard | Discovered new exit (range 16) 234 | -11/Scrapyard | Entered Materials 304 | -10/Materials | Build established: Mutant 439 | -10/Materials | Discovered new exit (range 8) 662 | -10/Materials | Discovered new exit (range 8) 753 | -10/Materials | Discovered new exit (range 16) 972 | -10/Materials | Discovered new exit (range 16) 1250 | -10/Materials | Discovered new exit (range 3) 1982 | -10/Materials | Entered Mines 1983 | -10/Mines | Met a Derelict testing a Signal Generator 1987 | -10/Mines | Found Signal Generator 2131 | -10/Mines | Learned location of Zion (-7) 2371 | -10/Mines | Assembled infested the area 2681 | -10/Mines | Core integrity fell below 50% 2816 | -10/Mines | Discovered new exit (range 9) 2888 | -10/Mines | Discovered new exit (range 5) 2972 | -10/Mines | Discovered new exit (range 6) 2996 | -10/Mines | Discovered new exit (range 5) 3554 | -10/Mines | Entered Exiles 3612 | -10/Exiles | Met 8R-AWN 3648 | -10/Exiles | Met EX-HEX 3722 | -10/Exiles | Met EX-BIN 3756 | -10/Exiles | Aligned with FarCom system 3758 | -10/Exiles | Given EX-Vault access code 3838 | -10/Exiles | Opened EX-Vault 3872 | -10/Exiles | Found Trap Reconfigurator 4012 | -10/Exiles | Warned to stay clear of 0b10 Research branches 4079 | -10/Exiles | Met EX-DEC 4206 | -10/Exiles | Discovered new exit (range 14) 4235 | -10/Exiles | Left Exiles lab with Trap Reconfigurator 4235 | -10/Exiles | Entered Mines 4242 | -9/Mines | Received a Rocket Launcher from a helpful Derelict 4444 | -9/Mines | Learned 2 Materials zone layouts 4588 | -9/Mines | Found a Scrap Suit stashed away for nefarious purposes 4747 | -9/Mines | Discovered new exit (range 4) 4924 | -9/Mines | A weapon hastily lodged in a ceiling crevice suddenly fell to the ground 5011 | -9/Mines | Assisted by bots powering up and referring to "LRC-V3" 5741 | -9/Mines | Discovered new exit (range 6) 5776 | -9/Mines | Entered Materials 5776 | -8/Materials | Accompanied by 3 allies 5776 | -8/Materials | Evolved 4 slots: Propulsion x2, Utility x2 6318 | -8/Materials | Build established: Scavenger-Mutant 7188 | -8/Materials | Discovered new exit (range 9) 7877 | -8/Materials | Destroyed 8 combat bots 8657 | -8/Materials | Build established: Mutant 8965 | -8/Materials | Identified exit to Garrison 8965 | -8/Materials | Entered Garrison 9069 | -8/Garrison | Triggered checkpoint 9303 | -8/Garrison | Garrison Relay disabled 9574 | -8/Garrison | Triggered checkpoint 9809 | -8/Garrison | Discovered new exit (range 13) 9839 | -8/Garrison | Attempted to access garrison exit controls, blocked by remote lockdown 10008 | -8/Garrison | Triggered checkpoint 10074 | -8/Garrison | Discovered new exit (range 10) 10264 | -8/Garrison | Garrison Relay disabled 10306 | -8/Garrison | Attempted to access garrison exit controls, blocked by remote lockdown 10345 | -8/Garrison | Triggered checkpoint 10453 | -8/Garrison | Triggered checkpoint 10497 | -8/Garrison | Garrison Relay disabled 10645 | -8/Garrison | Discovered new exit (range 15) 11208 | -8/Garrison | Entered Materials 11694 | -8/Materials | Build established: Scavenger-Mutant 12008 | -8/Materials | First assault squad dispatched 12015 | -8/Materials | Build established: Mutant 12282 | -8/Materials | Destroyed 10 combat bots 12383 | -8/Materials | Garrison activated, responded to threat 12417 | -8/Materials | Identified exit to Garrison 12417 | -8/Materials | Entered Garrison 12503 | -8/Garrison | Garrison Relay disabled 12958 | -8/Garrison | Triggered checkpoint 13042 | -8/Garrison | Triggered checkpoint 13404 | -8/Garrison | Discovered new exit (range 11) 13416 | -8/Garrison | Attempted to access garrison exit controls, blocked by remote lockdown 13431 | -8/Garrison | Build established: Scavenger-Mutant 13518 | -8/Garrison | Triggered checkpoint 13628 | -8/Garrison | Discovered new exit (range 10) 13635 | -8/Garrison | Garrison Relay disabled 13645 | -8/Garrison | Attempted to access garrison exit controls, blocked by remote lockdown 13750 | -8/Garrison | Discovered new exit (range 10) 13761 | -8/Garrison | Entered Factory 13761 | -7/Factory | Evolved 2 slots: Propulsion x1, Utility x1 13762 | -7/Factory | Identified exit to Storage 15137 | -7/Factory | Build established: Mutant 15329 | -7/Factory | Crushed by falling debris 15418 | -7/Factory | Identified exit to Lower Caves 15462 | -7/Factory | Entered Lower Caves 15510 | -7/Lower Caves | Met a Warlord Commander 15511 | -7/Lower Caves | Learned location of Warlord (-5) 15512 | -7/Lower Caves | Warlord Commander delivered Encrypted Comm Array 15514 | -7/Lower Caves | Found Encrypted Comm Array 15518 | -7/Lower Caves | Entered an active Warlord outpost 15522 | -7/Lower Caves | Learned Factory emergency access door positions 15522 | -7/Lower Caves | Learned Extension terminal intel 15540 | -7/Lower Caves | Found DCF Scrap (14 items) 15549 | -7/Lower Caves | Learned Factory stockpile data 15626 | -7/Lower Caves | Learned Factory emergency access door positions 15697 | -7/Lower Caves | Build established: Scavenger-Mutant 16125 | -7/Lower Caves | Encountered a Warlord checkpoint 16259 | -7/Lower Caves | Discovered new exit (range 5) 16364 | -7/Lower Caves | Attracted the attention of an 0b10 checkpoint 16918 | -7/Lower Caves | Entered another Lower Caves area 16923 | -7/Lower Caves | Learned 12 Factory zone layouts 16961 | -7/Lower Caves | Discovered new exit (range 4) 16967 | -7/Lower Caves | Attracted the attention of an 0b10 checkpoint 17288 | -7/Lower Caves | Encountered a Warlord checkpoint 17343 | -7/Lower Caves | Attracted the attention of an 0b10 outpost 18083 | -7/Lower Caves | Build established: Trapper-Mutant 19189 | -7/Lower Caves | Discovered new exit (range 12) 19297 | -7/Lower Caves | Entered Zion 19337 | -7/Zion | Build established: Scavenger-Mutant 19342 | -7/Zion | Found Prototype Device 19342 | -7/Zion | Identified Bomb Factory No. 2 19387 | -7/Zion | Given the Hacking Drone Bay 19388 | -7/Zion | Found Prototype Device 19396 | -7/Zion | Discovered new exit (range 15) 19662 | -7/Zion | Gained Derelict followers 19719 | -7/Zion | Learned location of Quarantine (-3) 19845 | -7/Zion | Identified exit to Deep Caves 19894 | -7/Zion | Loaded intel: 6 derelict terminal locations 19977 | -7/Zion | Received a visual enhancement algorithm 19978 | -7/Zion | Ran a visual enhancement algorithm 20109 | -7/Zion | Acquired unknown access codes intercepted by a Zionite 20325 | -7/Zion | Rebuked by Imprinter 20408 | -7/Zion | Opened final containment barrier to the Deep Caves 20980 | -7/Zion | Saw the warning signs outside the Deep Caves entrance 20991 | -7/Zion | Entered Deep Caves 20991 | -7/Deep Caves | Accompanied by 5 allies 21168 | -7/Deep Caves | Found Unknown Device 21168 | -7/Deep Caves | Identified Surveybot 24 Scanner 21170 | -7/Deep Caves | Found Surveybot 24 Chip 21248 | -7/Deep Caves | Build established: Trapper-Mutant 21601 | -7/Deep Caves | Build established: Mutant 21674 | -7/Deep Caves | Z-Facility disabled 21772 | -7/Deep Caves | Attacked by Z-Imprinter 21829 | -7/Deep Caves | Lost 5 allies 21845 | -7/Deep Caves | Destroyed Z-Imprinter 21945 | -7/Deep Caves | Found Prototype Protection 21945 | -7/Deep Caves | Identified Zio. Heavy Carapace 22133 | -7/Deep Caves | Found Prototype Protection 22133 | -7/Deep Caves | Identified Zio. Weapon Casing 23507 | -7/Deep Caves | Lost 3 parts (1p1u1w) 23510 | -7/Deep Caves | Found Zio. Weapon Casing 23799 | -7/Deep Caves | Discovered new exit (range 21) 23916 | -7/Deep Caves | Build established: Assassin 24508 | -7/Deep Caves | Build established: Mutant 24575 | -7/Deep Caves | Spotted AG-08667 24838 | -7/Deep Caves | Core integrity fell below 50% 25014 | -7/Deep Caves | Build established: Scavenger-Mutant 25611 | -7/Deep Caves | Exposed GOLEM chamber 25612 | -7/Deep Caves | Triggered Deep Caves wall 25807 | -7/Deep Caves | Released all parts (6) 25838 | -7/Deep Caves | Lost 6 parts (1n4u1w) 26324 | -7/Deep Caves | Lost 3 parts (1p2n) 26351 | -7/Deep Caves | Core integrity fell below 20% 26405 | -7/Deep Caves | Destroyed by as-13507 with Assembled Rifle Last Messages --------------- 26298_ System corrupted: FCS attempts to trigger Imp. EM Shotgun. 26298_ System corrupted: Imp. EM Shotgun misfires. 26303_ as-95258 misfires. 26304_ as-95258 destroyed. 26324_ Acquired 20 matter. [A new version of Cogmind is available, see F1 News page.] 26353_ as-48833 destroyed. 26355_ Acquired 20 matter. 26387_ Imp. Reaction Control System destroyed. 26387_ as-37352 destroyed. 26392_ POG9|R #G5IYRMQR1:XSM4ZKCEA 9< PJQ 26393_ Kicked as-13507. 26401_ Zio. Weapon Casing destroyed. 26401_ Kicked as-13507. 26403_ Destroyed Asb. Hover Unit. 26403_ as-13507 misfires. 26405_ Kicked as-13507. Map ----- +----------------------------------------------------+ | | | | | | | | | | | | | ################################################## | | ################################################## | | ################################################## | | ############################## ########## ## ## | | ##### ####################### ## ### ! ! ## | | ## # ####### ########### ! ## | | ##### ########### * #### | | ########### ### #### | | ########### ### #### | | ############ #### | | ########### #### | | ## ### ### ## ####### | | """";;### ### ####### | | #### ###### | | ;#### ##### | | ##### #### | | "; ##### ### | | # #### ## | | ####%a ## ## | | =! " ### @ ### "" | | ! "##### ##" ## | | ###### #### ### | | ###### #### ##" | | ###### #### ###" | | != ####### #### ###" # | | ####### #### "" # | | ! ###### ##### ### #" # | | ###### ##### #"# ##" ## | | ####### ### # # ### "#### | | ######## ## ###" " ### | | ######## ## ## " "#### | | * ####### ### " " ### | | ###### #### " "#### | | ########## ####### "#### | | ########### ######## ##### | | ############ ######### ##### | | ############## ######## " "#### | | ############# ######## " "#### | | ############# ######## " #### | | ############ ######## " "### | | ############ ######## " "#### | | ########### #########""""#### | | ########### ################# | | ########### #### ### ###### | +----------------------------------------------------+ Best States ------------- Heat Dissipation 61 Energy Generation 27 Energy Capacity 290 Matter Stores 300 Matter Capacity 300 Sight Range 20 Terrain Scan Range 24 Terrain Scan Density 2010 Armor Coverage 1200 Weapon Shielding 100 Evasion (%) 64 Targeting Accuracy 8 Recoil Reduction 2 Offensive Hacking 10 Authchip Count 2 Trap Extractor Capacity 6 Item Schematics ----------------- Huge Storage Unit | -8/Materials | Extracted Hrd. Medium Armor Plating | -8/Materials | Scanalyzed Seismic Detector | -8/Materials | Scanalyzed Plasma Cutter | -8/Materials | Scanalyzed Imp. Heat Sink | -8/Materials | Extracted Field Recycling Unit | -8/Materials | Extracted Hvy. Particle Gun | -8/Materials | Extracted Mni. Grenade Launcher | -7/Factory | Scanalyzed Imp. Datajack | -7/Factory | Scanalyzed Arm. Wheel | -7/Factory | Scanalyzed System Shield | -7/Factory | Extracted Flak Gun | -7/Factory | Extracted Arm. Huge Wheel | -7/Factory | Hacked Battle Cannon | -7/Zion | Free Flamer | -7/Zion | Free Beamcaster | -7/Zion | Free Barrage Gun | -7/Zion | Free Ripper | -7/Zion | Free Adv. Terrain Scan Processor | -7/Zion | Archive Adv. Heat Sink | -7/Zion | Archive Plasma Rifle | -7/Zion | Archive Recalibrator | -7/Zion | Archive Imp. Core Shielding | -7/Zion | Archive Imp. Shield Generator | -7/Zion | Archive Point Defense System | -7/Zion | Archive Adv. Melee Analysis Suite | -7/Zion | Archive Hvy. Missile Launcher | -7/Zion | Archive Component Analysis Suite | -7/Zion | Archive Matter Compressor | -7/Zion | Archive Proton Missile Launcher | -7/Zion | Archive Nuclear Pulse Thruster | -7/Zion | Archive Coolant Injector | -7/Zion | Archive Neutrino Core | -7/Zion | Archive Robot Schematics ------------------ Y-54 Guardian | -7/Zion | Archive O-24 Administrator | -7/Zion | Archive R-06 Scavenger | -7/Zion | Archive Fabricated ------------ Nothing Repaired ---------- Nothing Alien Tech Used ----------------- None Achievements -------------- None Challenges ------------ None Game ------ Seed IntegratedCryofiberScrap Manual? 0 Play Time 03:36:25 Cumulative 218.1 hours Start 2025.05.08 @ 12:29:37 End 2025.05.12 @ 16:33:26 Sessions 40 Manual Loads 0 Difficulty Rogue Special Mode None Game No. 123 Rogue 120 Adventurer 3 Explorer 0 Win Type - Total 4 Types 4/0/0/0/0/0/0/0/0/0 Lore% 62 Gallery% 62 Achievement% 53 Wizard Run 0 Options --------- Layout 1 ASCII 0 Keyboard 1 Movement Vi Keybinds 0 Fullscreen 1 Font 28/SmallcapsGlow Map View 50x43 Zoom Use 0% Tactical HUD 1 Map Filters NONE Filters NONE Steam X RUN: fcba48fa-b28c-439d-92a6-09872a43adaf